AoeStats
← TPE-床上小旋風

Arena

509832472Analyzed
4v4 RM · 3d ago on Sep 28, 2026· 30m 6s· 8 players
Game mode
Random Map
Map size
Large (8 player)
Population
200
Speed
Normal
Resources
Standard
Victory
Conquest
Starting age
Dark Age
Ending age
Imperial Age
RankedLock teamsTeams togetherTeam positionsShared explorationLock speedFull tech treeHidden civsTurbo modeCheats
Victory
Defeat
🇧🇪 Teutons · Belgium
1476
+12
🇵🇪 Spanish · Peru
1445
+14
🇲🇽 Saxons · Mexico
1375
+16
🇲🇽 Khmer · Mexico
1302
+20
🇨🇳 Poles · China
1440
-18
🇦🇹 Burmese · Austria
1412
-16
🇮🇳 Khmer · India
1398
-16
🇷🇺 Persians · Russia
1305
-12
PowerP
11:19 Feudal Age
15:16 Castle Age
13:19 Gold Mining
14:17 Horse Collar
15:28 Stone Mining
20:49 Loom
21:07 Heavy Plow
23:02 Padded Archer Armor
adi.rathore
11:16 Feudal Age
14:10 Castle Age
12:49 Double-Bit Axe
13:22 Horse Collar
20:38 Wheelbarrow
20:25 Loom
24:24 Hand Cart
UU
2:28 Loom
11:17 Feudal Age
15:54 Castle Age
14:36 Double-Bit Axe
15:02 Horse Collar
24:09 Bow Saw
24:16 Bow Saw
25:33 Wheelbarrow
26:09 Heavy Plow
26:00 Stone Mining
26:51 Gold Mining
28:09 Town Watch
30:06 Fletching
TPE-床上小旋風
11:07 Feudal Age
13:12 Loom
17:52 Castle Age
17:57 Pikeman
JanVerplanken
6:06 Loom
6:41 Loom
8:46 Feudal Age
15:55 Double-Bit Axe
17:21 Horse Collar
17:38 Fletching
22:47 Gold Mining
22:47 Stone Mining
28:05 Castle Age
32:14 Imperial Age
30:18 Scale Mail Armor
CTM | FullChow
1:22 Loom
8:30 Loom
9:12 Loom
11:54 Feudal Age
14:54 Castle Age
13:05 Double-Bit Axe
13:36 Horse Collar
15:21 Scale Barding Armor
15:01 Light Cavalry
16:56 Forging
18:10 Bloodlines
27:53 Bow Saw
CTM | Pentrus
9:46 Feudal Age
13:51 Castle Age
12:47 Double-Bit Axe
13:37 Horse Collar
17:20 Loom
20:59 Padded Archer Armor
24:03 Leather Archer Armor
DarkSIde1405
5:31 Loom
8:07 Feudal Age
10:10 Fletching
14:19 Horse Collar
23:02 Castle Age
21:49 Gold Mining
22:18 Scale Mail Armor
22:28 Forging
22:15 Double-Bit Axe
24:00 Bodkin Arrow
25:14 Town Watch
25:48 Squires
27:09 Guard Tower
29:48 Gold Shaft Mining
30:43 Ballistics
Connection lost

Rejoining the realm…

Still unreachable

The connection could not be restored.

Session expired

The server has moved on; the page needs a fresh start.